 Dungeon Crawl Stone Soup version 0.22.1-2-g9c5b331 (webtiles) character file.

5504 Tiagovsky the Thaumaturge (level 10, -3/86 HPs)
             Began as a Purple Draconian Fire Elementalist on Jan 5, 2019.
             Was a Believer of Sif Muna.
             Slain by a yak (10 damage)
             ... on level 8 of the Dungeon.
             The game lasted 00:52:54 (13377 turns).

Tiagovsky the Thaumaturge (DrFE)                   Turns: 13377, Time: 00:52:55

Health: -3/86      AC: 14    Str: 10      XL:     10   Next: 42%
Magic:  18/22      EV: 13    Int: 17      God:    Sif Muna [**....]
Gold:   644        SH:  0    Dex: 11 (13) Spells: 14/25 levels left

rFire    + . .     SeeInvis .   G - +5 mace (freeze)
rCold    . . .     Gourm    .   (no shield)
rNeg     + . .     Faith    .   (armour unavailable)
rPois    +         Spirit   .   (helmet restricted)
rElec    .         Reflect  .   C - +2 ratskin cloak {+Rats rPois rN+ Str-1 Int-1 Dex+1}
rCorr    .         Harm     .   a - +2 pair of gloves
MR       +....                  l - +0 pair of boots (curse)
Stlth    ++........             (no amulet)
HPRegen  0.24/turn              t - ring of protection from fire
MPRegen  0.18/turn              B - ring of poison resistance

@: divine energy
A: breathe power, unfitting armour, cold-blooded, AC +7
a: Breathe Dispelling Energy, Stop Divine Energy, Renounce Religion, Evoke
Ratskin


You were on level 8 of the Dungeon.
You worshipped Sif Muna.
Sif Muna was pleased with you.
You were not hungry.

You visited 2 branches of the dungeon, and saw 10 of its levels.

You collected 710 gold pieces.
You spent 66 gold pieces at shops.

Inventory:

Hand Weapons
 o - a +3 whip of flaming
 F - a +2 flail
 G - a +5 mace of freezing (weapon)
Missiles
 k - 319 stones
 u - 67 sling bullets
 D - 11 tomahawks (quivered)
 J - 5 throwing nets
Armour
 a - a +2 pair of gloves (worn)
 l - a cursed +0 pair of boots (worn)
 C - the +2 ratskin cloak (worn) {+Rats rPois rN+ Str-1 Int-1 Dex+1}
   (You found it on level 6 of the Dungeon)

   It affects your strength (-1).
   It affects your intelligence (-1).
   It affects your dexterity (+1).
   It protects you from poison.
   It protects you from negative energy.
Jewellery
 t - a ring of protection from fire (left hand)
 B - a ring of poison resistance (right hand)
 M - an uncursed ring of stealth
Wands
 q - a wand of digging (6)
 v - a wand of acid (19)
 z - a wand of flame (24)
 H - a wand of enslavement (17)
Scrolls
 d - 3 scrolls of magic mapping
 i - 2 scrolls of remove curse {unknown}
 p - 3 scrolls of enchant weapon
 s - a scroll of identify
 y - 4 scrolls of amnesia
 A - 2 scrolls of blinking
 E - a scroll of fear
 I - a scroll of enchant armour
Potions
 c - 2 potions of mutation
 e - 2 potions of lignification
 f - a potion of ambrosia
 g - 3 potions of degeneration {unknown}
 h - a potion of invisibility {unknown}
 j - 2 potions of resistance {unknown}
 n - a potion of magic {unknown}
 r - 3 potions of flight
 w - 2 potions of might {unknown}
 x - a potion of haste {unknown}
 K - a potion of brilliance {unknown}
 L - a potion of heal wounds {unknown}
Comestibles
 b - 9 rations
 N - a chunk of flesh


   Skills:
 + Level 7.6 Fighting
 + Level 6.4 Maces & Flails
 + Level 2.9 Dodging
 - Level 1.7 Stealth
 - Level 8.0 Spellcasting
 + Level 7.0 Conjurations
 + Level 7.7 Fire Magic


You had 14 spell levels left.
You knew the following spells:

 Your Spells              Type           Power        Failure   Level  Hunger
a - Flame Tongue          Conj/Fire      ####.        1%          1    None
b - Throw Flame           Conj/Fire      ####..       1%          2    None
c - Conjure Flame         Conj/Fire      ####....     1%          3    #......
d - Fireball              Conj/Fire      ####......   14%         5    #####..

Your spell library contained the following spells:

 Spells                   Type           Power        Failure   Level  Hunger
 Sticky Flame             Conj/Fire      ####....     4%          4    ###....
 Inner Flame              Hex/Fire       ###.....     6%          3    #......


Dungeon Overview and Level Annotations

Branches:
Dungeon (9/15)             Temple (1/1) D:4
   Lair: D:8-11         Orc: D:9-12

Altars:
Ashenzari
Cheibriados
Dithmenos
Elyvilon
Fedhas
Gozag
Hepliaklqana
Kikubaaqudgha
Makhleb
Nemelex Xobeh
Okawaru
Qazlal
Ru
Sif Muna
Trog
Uskayaw
Vehumet
Wu Jian
Xom
Yredelemnul
Zin
The Shining One

Shops:
D:5 (:*   D:8 [   D:9 %

Annotations:
D:5 1 runed door, wito's ghost, novice MiFi
D:6 1 runed door, edgar's ghost, novice DsAK


Innate Abilities, Weirdness & Mutations

You can breathe bolts of dispelling energy.
Your rich purple scales are hard. (AC +7)
You cannot fit into any form of body armour.
You are cold-blooded and may be slowed by cold attacks.


Message History

The flame tongue hits the yak.
The yak is heavily wounded.
The yak closely misses you.
Casting: Flame Tongue (safe; 1% risk of failure)
Confirm with . or Enter, or press ? or * to list all spells.
Aiming: Flame Tongue (safe; 1% risk of failure)
Press: ? - help, Shift-Dir - straight line, f/p - yak
Aim: a yak (heavily wounded)
The flame tongue hits the yak.
The yak is severely wounded.
The yak gores you but does no damage.
Casting: Flame Tongue (safe; 1% risk of failure)
Confirm with . or Enter, or press ? or * to list all spells.
Aiming: Flame Tongue (safe; 1% risk of failure)
Press: ? - help, Shift-Dir - straight line, f/p - yak
Aim: a yak (severely wounded)
The flame tongue hits the yak.
The yak appears unharmed.
The yak is severely wounded.
The yak gores you!
You die...

######.# #....##.#.#.#...#.#
.......# #.....#.#.........#
.....#####.....#.#.........#
...............<.#.........######
...##.####.......#.........#.....
.).##.####....#..#.........#.###.
.).##.........#..#.#.......#.# #.
...#######.....Y........####.# #.
...............)@รท...........#
#. ....##########..[.......######
#. ........................# #.
....#########...........########.
....# #.................... ....#
#............######## ....#
#............# ....#
#............# ....#
#............#


You could see a yak.

Vanquished Creatures
  Pikel (D:4)
  A troll (D:9)
  Prince Ribbit (D:6)
  4 hippogriffs
  A hungry ghost (D:7)
  Menkaure (D:6)
  Duvessa (D:6)
  2 sky beasts
  An orc warrior (D:5)
  2 slaves (Temple)
  2 phantoms
  5 ogres
  2 centaurs
  3 big kobolds
  6 bullfrogs
  Dowan (D:6)
  2 scorpions
  7 wights (D:9)
  A crimson imp (D:5)
  A quasit (D:9)
  A centaur zombie (D:7)
  6 orc priests
  A bullfrog skeleton (D:5)
  7 hounds
  A gnoll shaman (D:8)
  3 centaur skeletons
  A jelly (D:8)
  15 orc wizards
  4 worker ants
  A hound zombie (D:5)
  A hound skeleton (D:9)
  A worker ant zombie (D:6)
  9 gnolls
  7 adders
  2 shadow imps (D:5)
  2 oozes
  2 adder skeletons
  2 worms
  2 dart slugs
  3 leopard geckos
  28 orcs
  5 bats
  9 giant cockroaches
  5 hobgoblins
  17 jackals
  9 kobolds
  2 quokkas
  6 frilled lizards
  9 goblins
  9 rats
215 creatures vanquished.

Vanquished Creatures (others)
  2 plants (D:9)
  4 toadstools (D:1)
  2 withered plants (D:6)
8 creatures vanquished.

Grand Total: 223 creatures vanquished

Notes
Turn   | Place    | Note
-------+----------+-------------------------------------------
     0 | D:1      | Tiagovsky the Draconian Fire Elementalist began the quest
                  | for the Orb.
     0 | D:1      | Reached XP level 1. HP: 14/14 MP: 3/3
   265 | D:1      | Reached XP level 2. HP: 22/22 MP: 3/5
   375 | D:1      | Reached skill level 1 in Fighting
   619 | D:1      | Reached XP level 3. HP: 28/28 MP: 1/6
  1254 | D:2      | Found a stormy altar of Qazlal.
  1489 | D:2      | Reached XP level 4. HP: 36/36 MP: 4/7
  1571 | D:2      | Found a glowing golden altar of the Shining One.
  2291 | D:3      | Reached XP level 5. HP: 21/42 MP: 0/9
  2450 | D:3      | Learned a level 2 spell: Throw Flame
  2454 | D:3      | Learned a level 3 spell: Conjure Flame
  2482 | D:3      | Found a shattered altar of Ashenzari.
  2780 | D:3      | Reached skill level 3 in Spellcasting
  3189 | D:4      | Noticed an ogre
  3195 | D:4      | Killed an ogre
  3195 | D:4      | Reached skill level 1 in Maces & Flails
  3195 | D:4      | Reached XP level 6. HP: 32/51 MP: 3/10
  3326 | D:4      | Found a staircase to the Ecumenical Temple.
  3339 | D:4      | Found a basalt altar of Yredelemnul.
  3363 | Temple   | Entered the Ecumenical Temple
  3616 | D:4      | Noticed a slave
  3617 | D:4      | Noticed Pikel
  3618 | D:4      | Noticed a slave
  3618 | D:4      | Noticed a slave
  3618 | D:4      | Noticed a slave
  3660 | Temple   | Killed a slave
  4082 | Temple   | Killed a slave
  4157 | D:4      | Killed Pikel
  4157 | D:4      | Reached skill level 4 in Spellcasting
  4157 | D:4      | Your scales start taking on a rich purple colour.
  4157 | D:4      | Reached XP level 7. HP: 37/59 MP: 11/14
  4616 | D:4      | Reached skill level 5 in Fire Magic
  4806 | D:4      | Reached skill level 5 in Spellcasting
  5062 | D:5      | Entered Level 5 of the Dungeon
  5284 | D:5      | Reached XP level 8. HP: 63/67 MP: 9/15
  5376 | D:5      | Noticed wito's ghost (novice MiFi)
  5383 | D:5      | Found a runed door.
  5407 | D:5      | Found Eson's Antique Weapon Boutique.
  5484 | D:5      | Found Fecogruu's Book Emporium.
  5492 | D:5      | Found an ornate altar of the Wu Jian Council.
  5492 | D:5      | Found a deep blue altar of Sif Muna.
  5493 | D:5      | Found a white marble altar of Elyvilon.
  5566 | D:5      | Found a hazy altar of Hepliaklqana.
  5567 | D:5      | Found a shadowy altar of Dithmenos.
  5585 | D:5      | Became a worshipper of Sif Muna the Loreminder
  5711 | D:5      | Found Aloyzi's Assorted Antiques.
  5798 | D:5      | Bought a scroll of teleportation for 66 gold pieces
  5812 | D:5      | Found a sacrificial altar of Ru.
  5931 | D:5      | Noticed a moth of wrath
  5953 | D:5      | Found a snail-covered altar of Cheibriados.
  5953 | D:5      | Found an opulent altar of Gozag.
  5995 | D:5      | Found a bloodstained altar of Trog.
  6145 | D:5      | Reached skill level 5 in Fighting
  6428 | D:6      | Found a runed door.
  6428 | D:6      | Noticed edgar's ghost (novice DsAK)
  6790 | D:6      | Noticed Dowan
  6844 | D:6      | Reached skill level 5 in Conjurations
  6882 | D:6      | Noticed Duvessa
  6979 | D:6      | Killed Duvessa
  6979 | D:6      | Reached skill level 6 in Spellcasting
  7196 | D:6      | Killed Dowan
  7484 | D:6      | Reached * piety under Sif Muna
  7484 | D:6      | Reached XP level 9. HP: 51/75 MP: 4/18
  7612 | D:6      | Found the +2 ratskin cloak {+Rats rPois rN+ Str-1 Int-1
                  | Dex+1}
  7632 | D:6      | Noticed Menkaure
  7648 | D:6      | Killed Menkaure
  7860 | D:6      | Noticed Prince Ribbit
  7871 | D:6      | Killed Prince Ribbit
  8288 | D:6      | Reached skill level 5 in Maces & Flails
  9130 | D:7      | Reached skill level 7 in Spellcasting
  9360 | D:7      | Found a burning altar of Makhleb.
 10038 | D:8      | Reached ** piety under Sif Muna
 10218 | D:8      | Reached XP level 10. HP: 56/86 MP: 10/21
 10460 | D:8      | Found Soomi's Antique Armour Emporium.
 10593 | D:8      | Learned a level 5 spell: Fireball
 12333 | D:9      | Found Hacyh's Food Shop.
 12689 | D:9      | Reached skill level 8 in Spellcasting
 13338 | D:9      | Noticed a three-headed hydra
 13377 | D:8      | Slain by a yak

Skill      XL: |  1  2  3  4  5  6  7  8  9 10 |
---------------+-------------------------------+-----
Fighting       | 1 2 3 4 5 7 |  7.6
Conjurations   | 2 3 4 5 6 7 |  7.0
Spellcasting   | 3 4 5 6 7 8 |  8.0
Fire Magic     | 4 5 6 7 |  7.7
Maces & Flails | 1 2 3 4 5 6 |  6.4
Dodging        | 2 |  2.9
Stealth        | |  1.7

Action                   |  1- 3 |  4- 6 |  7- 9 | 10-12 || total
-------------------------+-------+-------+-------+-------++-------
Melee: Unarmed           |    10 |       |       |       ||    10
       Dagger            |     5 |    65 |       |       ||    70
       Tailslap          |     7 |    11 |       |       ||    18
       Whip              |    30 |    43 |    18 |     1 ||    92
Throw: Stone             |    16 |    46 |    19 |       ||    81
       Tomahawk          |       |       |     9 |       ||     9
 Cast: Flame Tongue      |    59 |    73 |   297 |   104 ||   533
       Throw Flame       |       |     4 |    66 |    74 ||   144
       Conjure Flame     |       |       |     1 |       ||     1
Invok: Divine Energy     |       |       |     1 |       ||     1
 Abil: Breathe Dispellin |       |       |     1 |       ||     1
  Use: Scroll            |       |     5 |    11 |     2 ||    18
       Potion            |       |       |       |     2 ||     2
  Eat: Chunk             |     2 |     9 |    10 |     6 ||    27
       Ration            |       |       |     3 |     1 ||     4
Armor: Skin              |    29 |    47 |   119 |    46 ||   241
Dodge: Dodged            |    58 |    77 |   147 |    60 ||   342
